Map: New Repugnancy LE

Players

Mez - Winner!

  • Race: Terran Terran
  • League: Master
  • Spawn Location: 1:00

jcg

  • Race: Protoss Protoss
  • League: Diamond
  • Spawn Location: 7:00

VOD

Have the link to the VOD?

Description

Time

  • Played on: Aug. 11, 2019, 6:15 p.m.
  • Length: 3:12
Show
View Real Time Build Order
Export as new Build Order

Mez Terran - Winner!

Build Orders:  

Get SALT Encoding   

  12  0:00  SCV  
  13  0:13  SCV  
  14  0:19  Supply Depot  
  14  0:25  SCV  
  15  0:41  Barracks  
  15  0:55  Barracks  
  15  1:07  Barracks  
  15  1:28  Marine  
  15  1:29  Orbital Command  
  16  1:42  Marine  
  17  1:47  Marine  
  18  1:56  Bunker  
  18  1:59  Marine  
  18  2:00  Marine  
  20  2:05  Marine  
  21  2:15  Bunker  
  21  2:17  Marine  
  21  2:18  Marine  
  21  2:37  Marine x2  
  21  2:40  Marine  
Show
View Real Time Build Order
Export as new Build Order

jcg Protoss 

Build Orders:  

Get SALT Encoding   

  12  0:01  Probe  
  13  0:13  Probe  
  14  0:17  Pylon  
  14  0:23  Probe  
  15  0:31  Probe  
  15  0:38  Gateway  
  15  0:39  Probe  
  16  0:47  Assimilator  
  17  0:51  Probe  
  18  1:01  Probe  
  19  1:05  Gateway  
  19  1:09  Probe  
  19  1:18  Probe, Pylon  
  21  1:26  Cybernetics Core  
  21  1:34  Assimilator, Probe  
  22  1:41  Zealot  
  24  1:51  Probe  
  25  1:54  Stalker  
  25  2:08  Stalker  
  22  2:43  Probe  
Tags
 
Add a new tag
Caveats
  • Supply blocks, unpowered buildings, or Contaminate may cause inaccurate times.
  • Supply counts are checked every 10 seconds.